 Dungeon Crawl Stone Soup version 0.27.0-1-g7a089689b8 (webtiles) character file.

Game seed: 9600649621570249053

140 Naeght the Slasher (level 5, -1/47 HPs)
             Began as a Minotaur Berserker on Aug 8, 2021.
             Was a Believer of Trog.
             Slain by a kobold brigand (6 damage)
             ... in a sewer on Aug 10, 2021.
             The game lasted 00:06:49 (2300 turns).

Naeght the Slasher (Minotaur Berserker)             Turns: 2300, Time: 00:06:49

Health: -1/47      AC:  2    Str: 23    XL:     5   Next: 2%
Magic:  4/4        EV: 12    Int:  4    God:    Trog [**....]
Gold:   99         SH:  0    Dex:  9    Spells: 4/4 levels left

rFire    . . .     SeeInvis .   n - +2 short sword (speed)
rCold    . . .     Faith    .   (no shield)
rNeg     . . .     Spirit   .   b - +0 animal skin
rPois    .         Reflect  .   (helmet restricted)
rElec    .         Harm     .   (no cloak)
rCorr    .         Rampage  .   (no gloves)
Will     .....                  (no boots)
Stlth    +.........             (no amulet)
HPRegen  0.15/turn              (no ring)
MPRegen  0.09/turn              (no ring)

@: flying, studying Crossbows
A: horns 2, retaliatory headbutt
a: Renounce Religion, Berserk, Trog's Hand


You were in a sewer.
You worshipped Trog.
Trog was pleased with you.
You visited 1 branch of the dungeon, and saw 3 of its levels.
You also visited: Sewer.

You collected 99 gold pieces.

Inventory:

Hand Weapons
 a - a +0 falchion
 n - a +2 short sword of speed (weapon)
Armour
 b - a +0 animal skin (worn)
Jewellery
 h - an amulet of the acrobat
 m - an amulet of magic regeneration
Scrolls
 d - a scroll of silence {unknown}
 e - a scroll of amnesia {unknown}
 f - 2 scrolls of identify {unknown}
 j - a scroll of magic mapping {unknown}
 l - a scroll of fog {unknown}
Potions
 c - a potion of flight
 g - a potion of curing {unknown}
 i - a potion of mutation {unknown}
 k - a potion of invisibility {unknown}


   Skills:
 + Level 4.5 Fighting
 * Level 5.2 Long Blades
 + Level 3.4 Armour
 + Level 3.2 Dodging


You had 4 spell levels left.
You didn't know any spells.
Your spell library was empty.

Dungeon Overview and Level Annotations

Branches:
Dungeon (3/15)              Sewer (1/1)

Altars:
Zin
The Shining One


Innate Abilities, Weirdness & Mutations

You have a pair of horns on your head.
You reflexively headbutt those who attack you in melee.


Message History

Your unstable footing causes you to fumble your attack.
You feel sick. The jackal bites you.
You feel sick.
You are no longer poisoned.
The jackal bites you.
* * * LOW HITPOINT WARNING * * *
The jackal bites you.
* * * LOW HITPOINT WARNING * * *
It was a potion of flight.
You feel very buoyant.
You fly up into the air.
The jackal bites you.
* * * LOW HITPOINT WARNING * * *
The jackal splashes around in the water.
You hit the jackal but do no damage. The jackal bites you.
* * * LOW HITPOINT WARNING * * *
You feel yourself speed up. The jackal closely misses you.
You barely miss the jackal. Your headbutt misses the jackal.
You hit the jackal.
The jackal is heavily wounded.
The jackal bites you but does no damage.
You hit the jackal. You headbutt the jackal.
You kill the jackal!
Trog accepts your kill.
The kobold brigand splashes around in the water.
You see here a jackal corpse.
You puncture the kobold brigand!
The kobold brigand is moderately wounded.
The kobold brigand hits you with a +0 whip.
* * * LOW HITPOINT WARNING * * *
You hit the kobold brigand.
The kobold brigand is heavily wounded.
The kobold brigand hits you with a +0 whip.
* * * LOW HITPOINT WARNING * * *
You barely miss the kobold brigand. You headbutt the kobold brigand!
The kobold brigand is severely wounded.
You hit the kobold brigand.
The kobold brigand is almost dead.
The kobold brigand hits you with a +0 whip.
You die...

######.....≈.≈.≈≈≈≈≈≈.#
###≈≈≈≈≈≈≈≈≈≈≈≈≈≈≈≈≈≈≈≈.#.
≈≈≈≈≈≈≈≈≈≈≈≈≈≈≈≈≈≈≈≈≈≈≈..K
#≈≈≈≈≈≈≈≈≈≈≈≈≈≈≈≈≈≈≈≈≈.#
#######.......≈≈≈≈≈≈K≈≈#
#######.≈.≈≈.≈≈≈.#
##†######### #K# #@# #≈#
#≈# #≈# #≈# #≈# #≈# #≈#
#≈#


You could see a kobold brigand.

Vanquished Creatures
  3 gnolls (D:3)
  5 adders
  A river rat (Sewer)
  A worm (D:3)
  A dart slug (D:1)
  An orc (D:3)
  A ball python (D:1)
  6 bats
  2 endoplasms (D:1)
  2 giant cockroaches (D:1)
  3 goblins
  A hobgoblin (D:1)
  6 jackals
  4 quokkas
  A frilled lizard (D:1)
  5 kobolds
  10 rats
53 creatures vanquished.

Notes
Turn   | Place    | Note
-------+----------+-------------------------------------------
     0 | D:1      | Naeght the Minotaur Berserker began the quest for the Orb.
     0 | D:1      | Reached XP level 1. HP: 19/19 MP: 0/0
   344 | D:1      | Reached XP level 2. HP: 27/27 MP: 1/1
   394 | D:1      | Reached skill level 4 in Long Blades
   405 | D:1      | Found a faded altar of an unknown god.
  1185 | D:2      | Found a glowing silver altar of Zin.
  1197 | D:2      | Reached XP level 3. HP: 33/33 MP: 2/2
  1654 | D:3      | Reached ** piety under Trog
  1672 | D:3      | Noticed an ogre
  1701 | D:3      | Reached XP level 4. HP: 19/40 MP: 3/3
  1907 | D:3      | Found a glowing golden altar of the Shining One.
  1918 | D:3      | Reached skill level 5 in Long Blades
  1962 | D:3      | Found a glowing drain.
  1971 | Sewer    | Entered a sewer
  1993 | Sewer    | Reached XP level 5. HP: 11/47 MP: 4/4
  2300 | Sewer    | Slain by a kobold brigand

Illustrated notes

Levels and vault maps discovered:
D:1:      amcnicky_arrival_feature_with_door, layout_loops_corners,
          ebering_ecumenical_altar_sacrificial
D:2:      layout_rooms, basic_altar, corexii_leaking_fountain
D:3:      layout_basic, nicolae_overflow_hidden_temple,
          cheibrodos_sewer_entry_bend, lightli_corner_chamber
Sewer:    sewer_kobolds

Skill      XL: |  1  2  3  4 |
---------------+-------------+-----
Long Blades    | 4 5 |  5.2
Fighting       | 4 |  4.5
Armour         | 3 |  3.4
Dodging        | 3 |  3.2

Action                   |  1- 3 |  4- 6 || total
-------------------------+-------+-------++-------
Melee: Falchion          |    71 |     8 ||    79
       Headbutt          |    10 |    11 ||    21
       Short sword       |       |    31 ||    31
  Use: Potion            |       |     1 ||     1
Armor: Animal skin       |     8 |     3 ||    11
Dodge: Dodged            |    54 |    16 ||    70
       Rpst.: Falchion   |    13 |     2 ||    15
